MapleLeafs vs Stars

Created - Monday, November 16, 2015 at 01:37

Goals
1 2 3 T
MapleLeafs 6 2 0 8
Stars 1 0 4 5
Shots
1 2 3 T
MapleLeafs 15 10 8 33
Stars 10 2 15 27

1st period

1. MapleLeafs , Alexander Steen 10 (James van Riemsdyk) at 10:57
2. MapleLeafs , Brandon Sutter 5 (Karl Alzner, Lee Stempniak) at 12:02
3. Stars , Matt Tennyson 2 (Casey Cizikas, Manny Malhotra) at 13:41 (SH)
4. MapleLeafs , Marc-Edouard Vlasic 6 (Alexander Steen, James van Riemsdyk) at 14:03 (PP)
5. MapleLeafs , Mikko Koivu 4 (Justin Williams) at 14:09
6. MapleLeafs , James van Riemsdyk 9 (James Neal, Alexander Steen) at 14:57 (PP)
7. MapleLeafs , Drew Doughty 3 (Dan Girardi, James Neal) at 15:39 (PP)

Penalties :
Alexander Steen (Tor) for Roughing (Minor) at 0:42, Mikko Koivu (Tor) for Hooking (Minor) at 3:22, Manny Malhotra (Dal) for Roughing (Minor) at 8:40, Mike Richards (Dal) for Tripping (Minor) at 12:23, Mike Richards (Dal) for Hooking (Minor) at 14:48, Mike Richards (Dal) for Interference (Minor) at 15:22, James Neal (Tor) for Holding (Minor) at 17:29

2nd period

8. MapleLeafs , Justin Williams 5 (Mikko Koivu, Dominic Moore) at 2:22 (PP)
9. MapleLeafs , Alexander Steen 11 (James Neal, Drew Doughty) at 4:25 (PP)

Penalties :
Alex Petrovic (Dal) for Fighting (Major) at 0:34, Brandon Sutter (Tor) for Fighting (Major) at 0:34, Mike Richards (Dal) for Interference (Minor) at 1:18, Ryan Wilson (Dal) for Interference (Minor) at 3:56, Mike Richards (Dal) for Boarding (Minor) at 18:35

3rd period

10. Stars , Manny Malhotra 6 (Devin Setoguchi, Daniel Paille) at 2:17 (PP)
11. Stars , Mike Richards 5 (Alexander Wennberg, Alex Petrovic) at 4:19 (PP)
12. Stars , John Moore 2 (Alexander Wennberg) at 4:41
13. Stars , Manny Malhotra 7 (Devin Setoguchi, Daniel Paille) at 19:54

Penalties :
Dominic Moore (Tor) for Hooking (Minor) at 1:22, Drew Doughty (Tor) for Hooking (Minor) at 3:30, James van Riemsdyk (Tor) for Holding (Minor) at 4:54, Matt Tennyson (Dal) for Diving (Minor) at 7:10, Marc-Edouard Vlasic (Tor) for Hooking (Minor) at 10:27, Ryan Wilson (Dal) for Hooking (Minor) at 13:03, Jamie Oleksiak (Dal) for Hooking (Minor) at 16:03

Goalie Stats

Dustin Tokarski (Tor), 22 saves from 27 shots - (0.815), W, 1-1-0, 60:00 minutes
Tom McCollum (Dal), 5 saves from 5 shots - (1.000), 10:47 minutes
Justin Peters (Dal), 20 saves from 28 shots - (0.714), L, 0-1-0, 49:13 minutes

Players Stats for MapleLeafs

Player Name              G  A  P  +/- PIM S  H  SB GA TA FO     MP     PP MP  PK MP  
------------------------------------------------------------------------------------
Alexander Steen          2  2  4   1  2   3  1  0  1  0  12/23  24:22   7:53   6:53 
Brandon Prust            0  0  0   0  0   2  0  1  0  1  0/5    11:15   0:00   3:34 
Brandon Sutter           1  0  1   1  5   3  0  0  0  0  4/7    12:46   0:37   2:59 
Carl Gunnarsson          0  0  0  -1  0   1  0  0  0  1  0/0     9:09   0:00   1:04 
Dan Girardi              0  1  1   0  0   3  3  1  0  0  0/0    30:35   8:48   7:04 
Dominic Moore            0  1  1   0  2   1  1  0  1  1  6/10   19:56   5:04   7:13 
Drew Doughty             1  1  2   0  2   6  2  1  0  3  0/0    30:34   8:48   7:04 
James Neal               0  3  3   1  2   3  3  0  1  0  0/1    18:53   8:30   0:00 
James van Riemsdyk       1  2  3   1  2   3  0  0  3  0  0/2    18:04   8:30   0:00 
Justin Williams          1  1  2  -2  0   3  0  0  5  0  0/0    15:12   5:04   0:00 
Karl Alzner              0  1  1   1  0   0  1  0  0  2  0/0    15:38   0:00   4:35 
Lee Stempniak            0  1  1   1  0   0  0  0  3  0  1/1     7:12   0:00   0:00 
Marc-Edouard Vlasic      1  0  1   1  2   2  1  2  1  2  0/0    20:35   4:46   3:31 
Matt Beleskey            0  0  0  -1  0   0  1  0  0  0  2/4    13:59   0:00   2:39 
Mikko Koivu              1  1  2  -2  2   2  0  0  1  0  10/11  15:23   5:04   0:00 
Morgan Rielly            0  0  0  -1  0   0  1  0  0  0  0/0    13:45   4:46   0:00 
Tomas Jurco              0  0  0   0  0   1  1  1  0  1  0/0     3:53   0:00   0:00 
Zack Smith               0  0  0   0  0   0  1  0  0  0  0/0     6:52   0:00   0:00 

Players Stats for Stars

Player Name              G  A  P  +/- PIM S  H  SB GA TA FO     MP     PP MP  PK MP  
------------------------------------------------------------------------------------
Aaron Johnson            0  0  0   0  0   0  0  0  0  0  0/0     2:36   0:00   0:00 
Alex Petrovic            0  1  1  -1  5   1  3  2  0  2  0/0    19:17   5:17   4:25 
Alexander Wennberg       0  2  2   0  0   3  0  1  3  1  8/18   26:07   5:31  10:13 
Bo Horvat                0  0  0   0  0   0  0  0  1  0  0/1     9:54   0:00   0:25 
Casey Cizikas            0  1  1   1  0   1  4  0  3  0  5/8    17:55   5:31   3:04 
Cory Conacher            0  0  0   0  0   0  1  0  0  0  0/1     4:40   0:00   0:00 
Daniel Paille            0  2  2  -1  0   1  2  0  0  0  0/1    18:44   6:08   1:42 
Devin Setoguchi          0  2  2  -1  0   3  2  0  7  0  0/1    16:20   6:08   0:00 
Erik Haula               0  0  0   0  0   2  0  0  0  1  1/1    10:22   0:14   0:00 
Gabriel Bourque          0  0  0   0  0   2  0  0  1  1  0/0     6:14   0:00   0:00 
Jamie Oleksiak           0  0  0   0  2   0  0  2  1  5  0/0    27:33   6:22   6:55 
John Moore               1  0  1   0  0   2  2  2  1  3  0/0    26:08   6:22   8:05 
Jonathan Drouin          0  0  0   0  0   3  2  1  3  0  0/1    15:03   0:00   5:33 
Manny Malhotra           2  1  3   0  2   3  0  0  0  0  10/17  18:31   5:54   2:26 
Matt Tennyson            1  0  1  -1  2   5  1  3  0  0  0/0    20:50   5:17   4:21 
Mike Richards            1  0  1   0  10  1  0  0  1  0  5/15   21:47   5:31   3:45 
Patrik Nemeth            0  0  0   1  0   0  0  0  0  0  0/0    12:57   0:00   3:22 
Ryan Wilson              0  0  0   1  4   0  2  1  0  0  0/0    11:07   0:00   0:00 

3 Stars

1 - Alexander Steen (Tor)
2 - Manny Malhotra (Dal)
3 - James van Riemsdyk (Tor)

Power Play

MapleLeafs - 5 on 10 Attempt(s) - 50.00%
Stars - 2 on 7 Attempt(s) - 28.57%

Penalty Kill

MapleLeafs - 5 on 7 Attempt(s) - 71.43% - Score 0 goal in Penalty Kill
Stars - 5 on 10 Attempt(s) - 50.00% - Score 1 goal in Penalty Kill

Team Stat

MapleLeafs - Hits : 16 - Faceoff Wins : 35 - Blocked Shots : 6 - Penalty Minutes : 19
Stars - Hits : 19 - Faceoff Wins : 29 - Blocked Shots : 12 - Penalty Minutes : 25

Official

Referees : Unknown
Linesman : Unknown

Game Notes

Tom McCollum is injured at 10:47 of 1st period (Sore Left Knee)
Justin Peters enters game at 10:47 of 1st period
Alex Petrovic beats up Brandon Sutter at 0:34 of 2nd period
Tomas Jurco is injured at 15:17 of 2nd period (Fractured Metatarsal (Right Foot))

Finance

Level 1 -- Attendance: 4174 (69.57%) -- Ticket Income $417,400
Level 2 -- Attendance: 3483 (69.66%) -- Ticket Income $208,980
Level 3 -- Attendance: 1570 (78.50%) -- Ticket Income $54,950
Level 4 -- Attendance: 3043 (76.08%) -- Ticket Income $60,860
Luxury Box -- Attendance: 786 (78.60%) -- Ticket Income $157,200
Game was played at the American Airlines Arena.
Total Attendance: 13056 (72.53%)
Total Ticket Income: $899,390
Other Income: $440,701
Total Income: $1,340,091

MapleLeafs

5 vs 5 Forward 
   Center                   Left Wing                Right Wing               Time % Phy DF OF 
 1 Alexander Steen          James van Riemsdyk       James Neal               35     0   1  4  
 2 Mikko Koivu              Matt Beleskey            Justin Williams          30     1   2  2  
 3 Brandon Sutter           Dominic Moore            Lee Stempniak            25     1   2  2  
 4 Brandon Prust            Zack Smith               Tomas Jurco              10     1   2  2  

5 vs 5 Defense 
   Defense                  Defense                                           Time % Phy DF OF 
 1 Drew Doughty             Dan Girardi                                       40     1   2  2  
 2 Marc-Edouard Vlasic      Karl Alzner                                       35     1   2  2  
 3 Morgan Rielly            Carl Gunnarsson                                   25     1   2  2  
 4 Drew Doughty             Dan Girardi                                       0      1   2  2  

PowerPlay Forward 
   Center                   Left Wing                Right Wing               Time % Phy DF OF 
 1 Alexander Steen          James van Riemsdyk       James Neal               60     0   0  5  
 2 Mikko Koivu              Dominic Moore            Justin Williams          40     0   1  4  

PowerPlay Defense
   Defense                  Defense                                           Time % Phy DF OF 
 1 Drew Doughty             Dan Girardi                                       60     0   2  3  
 2 Marc-Edouard Vlasic      Morgan Rielly                                     40     0   2  3  

Penalty Kill 4 Players Forward 
   Center                   Wing                     Time % Phy DF OF 
 1 Dominic Moore            Alexander Steen          60     0   5  0  
 2 Brandon Sutter           Brandon Prust            40     0   5  0  

Penalty Kill 4 Players Defense
   Defense                  Defense                  Time % Phy DF OF 
 1 Drew Doughty             Dan Girardi              60     0   5  0  
 2 Marc-Edouard Vlasic      Karl Alzner              40     0   5  0  

Penalty Kill - 3 Players Forward 
   Forward                                           Time % Phy DF OF 
 1 Dominic Moore                                     60     0   5  0  
 2 Brandon Sutter                                    40     0   5  0  

Penalty Kill - 3 Players Defense
   Defense                  Defense                  Time % Phy DF OF 
 1 Drew Doughty             Dan Girardi              60     0   5  0  
 2 Marc-Edouard Vlasic      Karl Alzner              40     0   5  0  

4 vs 4 Forward 
   Center                   Wing                     Time % Phy DF OF 
 1 Alexander Steen          James Neal               60     0   1  4  
 2 Mikko Koivu              James van Riemsdyk       40     0   2  3  

4 vs 4 Defense
   Defense                  Defense                  Time % Phy DF OF 
 1 Drew Doughty             Dan Girardi              60     1   2  2  
 2 Marc-Edouard Vlasic      Karl Alzner              40     1   2  2  

Last Minutes Offensive
   Center                   Left Wing                Right Wing               Defense                  Defense                  
   Alexander Steen          James van Riemsdyk       James Neal               Drew Doughty             Dan Girardi              

Last Minutes Defensive
   Center                   Left Wing                Right Wing               Defense                  Defense                  
   Alexander Steen          James van Riemsdyk       James Neal               Drew Doughty             Dan Girardi              

Goaltenders
Starting : Dustin Tokarski          
Backup : Cory Schneider           

Extra Forwards
Normal : Brandon Sutter, Lee Stempniak, Matt Beleskey - PP : Brandon Sutter, Lee Stempniak - PK : Matt Beleskey
Extra Defensemen
Normal : Morgan Rielly, Carl Gunnarsson, Marc-Edouard Vlasic - PP : Morgan Rielly - PK : Carl Gunnarsson, Marc-Edouard Vlasic
Penalty Shots
Alexander Steen, Mikko Koivu, James van Riemsdyk, James Neal, Brandon Sutter

Stars

5 vs 5 Forward 
   Center                   Left Wing                Right Wing               Time % Phy DF OF 
 1 Mike Richards            Bo Horvat                Alexander Wennberg       35     1   2  2  
 2 Manny Malhotra           Daniel Paille            Devin Setoguchi          30     1   2  2  
 3 Casey Cizikas            Erik Haula               Jonathan Drouin          22     1   2  2  
 4 Mike Richards            Gabriel Bourque          Cory Conacher            13     1   2  2  

5 vs 5 Defense 
   Defense                  Defense                                           Time % Phy DF OF 
 1 Jamie Oleksiak           John Moore                                        35     1   2  2  
 2 Alex Petrovic            Matt Tennyson                                     30     1   2  2  
 3 Ryan Wilson              Patrik Nemeth                                     22     1   2  2  
 4 Aaron Johnson            Jamie Oleksiak                                    13     1   2  2  

PowerPlay Forward 
   Center                   Left Wing                Right Wing               Time % Phy DF OF 
 1 Mike Richards            Casey Cizikas            Alexander Wennberg       60     1   2  2  
 2 Manny Malhotra           Daniel Paille            Devin Setoguchi          40     1   2  2  

PowerPlay Defense
   Defense                  Defense                                           Time % Phy DF OF 
 1 Jamie Oleksiak           John Moore                                        60     1   2  2  
 2 Alex Petrovic            Matt Tennyson                                     40     1   2  2  

Penalty Kill 4 Players Forward 
   Center                   Wing                     Time % Phy DF OF 
 1 Alexander Wennberg       Mike Richards            60     1   2  2  
 2 Manny Malhotra           Casey Cizikas            40     1   2  2  

Penalty Kill 4 Players Defense
   Defense                  Defense                  Time % Phy DF OF 
 1 Jamie Oleksiak           John Moore               60     1   2  2  
 2 Alex Petrovic            Matt Tennyson            40     1   2  2  

Penalty Kill - 3 Players Forward 
   Forward                                           Time % Phy DF OF 
 1 Manny Malhotra                                    60     1   2  2  
 2 Mike Richards                                     40     1   2  2  

Penalty Kill - 3 Players Defense
   Defense                  Defense                  Time % Phy DF OF 
 1 Jamie Oleksiak           John Moore               60     1   2  2  
 2 Alex Petrovic            Matt Tennyson            40     1   2  2  

4 vs 4 Forward 
   Center                   Wing                     Time % Phy DF OF 
 1 Alexander Wennberg       Mike Richards            60     1   2  2  
 2 Manny Malhotra           Casey Cizikas            40     1   2  2  

4 vs 4 Defense
   Defense                  Defense                  Time % Phy DF OF 
 1 Jamie Oleksiak           John Moore               60     1   2  2  
 2 Alex Petrovic            Matt Tennyson            40     1   2  2  

Last Minutes Offensive
   Center                   Left Wing                Right Wing               Defense                  Defense                  
   Mike Richards            Bo Horvat                Alexander Wennberg       Jamie Oleksiak           John Moore               

Last Minutes Defensive
   Center                   Left Wing                Right Wing               Defense                  Defense                  
   Mike Richards            Bo Horvat                Alexander Wennberg       Jamie Oleksiak           John Moore               

Goaltenders
Starting : Tom McCollum             
Backup : Justin Peters            

Extra Forwards
Normal : Erik Haula, Gabriel Bourque, Jonathan Drouin - PP : Erik Haula, Gabriel Bourque - PK : Jonathan Drouin
Extra Defensemen
Normal : Ryan Wilson, Patrik Nemeth, Aaron Johnson - PP : Ryan Wilson - PK : Patrik Nemeth, Aaron Johnson
Penalty Shots
Gabriel Bourque, Mike Richards, Manny Malhotra, Casey Cizikas, Alexander Wennberg

% Time on Ice - MapleLeafs

Lines # - Real PCT - Wanted PCT - Time Play
Normal Forward
1 - 30% - 35% - 10:22
2 - 30% - 30% - 10:20
3 - 21% - 25% - 7:12
4 - 20% - 10% - 6:53
Normal Defense
1 - 42% - 40% - 14:45
2 - 34% - 35% - 11:57
3 - 23% - 25% - 8:05
4 - 0% - 0% - 0:00
PP Forward
1 - 63% - 60% - 8:30
2 - 37% - 40% - 5:04
PP Defense
1 - 65% - 60% - 8:48
2 - 35% - 40% - 4:46
PK Forward
1 - 74% - 60% - 8:40
2 - 26% - 40% - 2:59
PK Defense
1 - 61% - 60% - 7:04
2 - 39% - 40% - 4:35
PK3 Forward
1 - 0% - 60%
2 - 0% - 40%
PK3 Defense
1 - 0% - 60%
2 - 0% - 40%
44 Forward
1 - 0% - 60%
2 - 0% - 40%
44 Defense
1 - 0% - 60%
2 - 0% - 40%
Last Minute Offensive  - 0:00
Last Minute Defensive  - 0:00
Total
Forward - 60:00
Defense - 60:00

% Time on Ice - Stars

Lines # - Real PCT - Wanted PCT - Time Play
Normal Forward
1 - 31% - 35% - 10:48
2 - 30% - 30% - 10:27
3 - 25% - 22% - 8:52
4 - 13% - 13% - 4:40
Normal Defense
1 - 34% - 35% - 11:41
2 - 32% - 30% - 11:00
3 - 27% - 22% - 9:30
4 - 7% - 13% - 2:36
PP Forward
1 - 47% - 60% - 5:31
2 - 53% - 40% - 6:08
PP Defense
1 - 55% - 60% - 6:22
2 - 45% - 40% - 5:17
PK Forward
1 - 79% - 60% - 10:43
2 - 21% - 40% - 2:51
PK Defense
1 - 60% - 60% - 8:05
2 - 40% - 40% - 5:29
PK3 Forward
1 - 0% - 60%
2 - 0% - 40%
PK3 Defense
1 - 0% - 60%
2 - 0% - 40%
44 Forward
1 - 0% - 60%
2 - 0% - 40%
44 Defense
1 - 0% - 60%
2 - 0% - 40%
Last Minute Offensive  - 0:00
Last Minute Defensive  - 0:00
Total
Forward - 60:00
Defense - 60:00

Play by Play

1st period


0:01 of 1st period - Alexander Steen wins face-off versus Mike Richards in neutral zone.
0:42 of 1st period - Minor Penalty to Alexander Steen for Roughing.
0:43 of 1st period - Dominic Moore wins face-off versus Manny Malhotra in MapleLeafs zone.
0:56 of 1st period - Slapshot by Matt Tennyson.
0:56 of 1st period - Shot Misses the Net.
1:21 of 1st period - Brandon Sutter is hit by Matt Tennyson and loses puck.
1:47 of 1st period - Alex Petrovic is hit by Drew Doughty and loses puck.
1:56 of 1st period - Brandon Sutter is hit by Casey Cizikas and loses puck.
2:07 of 1st period - John Moore is hit by Marc-Edouard Vlasic and loses puck.
2:28 of 1st period - Slapshot by John Moore.
2:28 of 1st period - Shot Blocked by Marc-Edouard Vlasic.
2:30 of 1st period - Snap shot by Manny Malhotra.
2:30 of 1st period - Shot Misses the Net.
2:32 of 1st period - Wrist shot by Devin Setoguchi.
2:32 of 1st period - Stopped by Dustin Tokarski without a rebound.
2:33 of 1st period - Dominic Moore wins face-off versus Manny Malhotra in MapleLeafs zone.
2:42 of 1st period - Penalty to Alexander Steen is over, Alexander Steen is back on ice.
3:22 of 1st period - Minor Penalty to Mikko Koivu for Hooking.
3:23 of 1st period - Manny Malhotra wins face-off versus Dominic Moore in MapleLeafs zone.
4:28 of 1st period - Drew Doughty is hit by Daniel Paille.
5:22 of 1st period - Penalty to Mikko Koivu is over, Mikko Koivu is back on ice.
5:24 of 1st period - Slapshot by Matt Tennyson.
5:24 of 1st period - Stopped by Dustin Tokarski with a rebound.
5:44 of 1st period - Snap shot by Gabriel Bourque.
5:44 of 1st period - Stopped by Dustin Tokarski without a rebound.
5:45 of 1st period - Mike Richards wins face-off versus Mikko Koivu in MapleLeafs zone.
6:20 of 1st period - James van Riemsdyk is hit by Ryan Wilson and loses puck.
6:54 of 1st period - Snap shot by Brandon Sutter.
6:54 of 1st period - Stopped by Tom McCollum with a rebound.
6:56 of 1st period - Slapshot by Dominic Moore.
6:56 of 1st period - Stopped by Tom McCollum with a rebound.
6:58 of 1st period - Wrist shot by Brandon Sutter.
6:58 of 1st period - Stopped by Tom McCollum without a rebound.
6:59 of 1st period - Brandon Sutter wins face-off versus Casey Cizikas in Stars zone.
7:00 of 1st period - Slapshot by Drew Doughty.
7:00 of 1st period - Shot Misses the Net.
7:08 of 1st period - Lee Stempniak is hit by Jonathan Drouin and loses puck.
7:27 of 1st period - Manny Malhotra is hit by Dan Girardi and loses puck.
7:36 of 1st period - Slapshot by Matt Tennyson.
7:36 of 1st period - Stopped by Dustin Tokarski with a rebound.
7:38 of 1st period - Slapshot by Alex Petrovic.
7:38 of 1st period - Stopped by Dustin Tokarski with a rebound.
7:58 of 1st period - Marc-Edouard Vlasic is hit by Alex Petrovic and loses puck.
8:13 of 1st period - Snap shot by Alexander Wennberg.
8:13 of 1st period - Stopped by Dustin Tokarski with a rebound.
8:15 of 1st period - Slapshot by Jamie Oleksiak.
8:15 of 1st period - Shot Blocked by Marc-Edouard Vlasic.
8:40 of 1st period - Minor Penalty to Manny Malhotra for Roughing.
8:41 of 1st period - Alexander Wennberg wins face-off versus Alexander Steen in Stars zone.
8:56 of 1st period - Wrist shot by James van Riemsdyk.
8:56 of 1st period - Shot Misses the Net.
8:58 of 1st period - Slapshot by Drew Doughty.
8:58 of 1st period - Shot Blocked by Jonathan Drouin.
9:00 of 1st period - Slapshot by Drew Doughty.
9:00 of 1st period - Shot Misses the Net.
9:02 of 1st period - Slapshot by Dan Girardi.
9:02 of 1st period - Shot Blocked by Alexander Wennberg.
9:04 of 1st period - Snap shot by Alexander Steen.
9:04 of 1st period - Stopped by Tom McCollum with a rebound.
9:06 of 1st period - Snap shot by Drew Doughty.
9:06 of 1st period - Shot Blocked by Jamie Oleksiak.
9:34 of 1st period - Matt Tennyson is hit by Morgan Rielly and loses puck.
9:53 of 1st period - Alex Petrovic is hit by James Neal and loses puck.
10:18 of 1st period - Drew Doughty is hit by Jonathan Drouin and loses puck.
10:40 of 1st period - Penalty to Manny Malhotra is over, Manny Malhotra is back on ice.
10:45 of 1st period - Wrist shot by James Neal.
10:45 of 1st period - Shot Misses the Net.
10:47 of 1st period - Slapshot by James van Riemsdyk.
10:47 of 1st period - Deflect By James Neal.
10:47 of 1st period - Stopped by Tom McCollum with a rebound.
10:47 of 1st period - Tom McCollum from Stars is injured at 10:47 of 1st period (Sore Left Knee).
10:47 of 1st period - Justin Peters enters game.
10:48 of 1st period - Mike Richards wins face-off versus James Neal in Stars zone.
10:57 of 1st period - Snap shot by Alexander Steen.
10:57 of 1st period - Goal by Alexander Steen - MapleLeafs : 1 - Stars : 0.
10:58 of 1st period - Mike Richards wins face-off versus Alexander Steen in neutral zone.
11:07 of 1st period - Wrist shot by Alexander Wennberg.
11:07 of 1st period - Shot Misses the Net.
11:29 of 1st period - Snap shot by James van Riemsdyk.
11:29 of 1st period - Stopped by Justin Peters with a rebound.
11:31 of 1st period - Snap shot by James van Riemsdyk.
11:31 of 1st period - Shot Misses the Net.
11:33 of 1st period - Slapshot by Dan Girardi.
11:33 of 1st period - Deflect By Alexander Steen.
11:33 of 1st period - Shot Misses the Net.
11:33 of 1st period - Puck is out of play.
11:34 of 1st period - Manny Malhotra wins face-off versus Brandon Sutter in Stars zone.
11:34 of 1st period - Manny Malhotra is hit by Dominic Moore.
11:58 of 1st period - Snap shot by Lee Stempniak.
11:58 of 1st period - Shot Misses the Net.
12:00 of 1st period - Snap shot by Karl Alzner.
12:00 of 1st period - Shot Misses the Net.
12:02 of 1st period - Slapshot by Brandon Sutter.
12:02 of 1st period - Goal by Brandon Sutter - MapleLeafs : 2 - Stars : 0.
12:03 of 1st period - Alexander Steen wins face-off versus Alexander Wennberg in neutral zone.
12:23 of 1st period - Minor Penalty to Mike Richards for Tripping.
12:24 of 1st period - Alexander Wennberg wins face-off versus Alexander Steen in Stars zone.
12:24 of 1st period - Alexander Wennberg is hit by Dan Girardi.
13:41 of 1st period - Backhand shot by Matt Tennyson.
13:41 of 1st period - Goal by Matt Tennyson - MapleLeafs : 2 - Stars : 1.
13:42 of 1st period - Alexander Steen wins face-off versus Alexander Wennberg in neutral zone.
14:01 of 1st period - Slapshot by Alexander Steen.
14:01 of 1st period - Shot Blocked by Matt Tennyson.
14:03 of 1st period - Slapshot by Marc-Edouard Vlasic.
14:03 of 1st period - Goal by Marc-Edouard Vlasic - MapleLeafs : 3 - Stars : 1.
14:04 of 1st period - Mikko Koivu wins face-off versus Manny Malhotra in neutral zone.
14:09 of 1st period - Wrist shot by Mikko Koivu.
14:09 of 1st period - Goal by Mikko Koivu - MapleLeafs : 4 - Stars : 1.
14:10 of 1st period - Alexander Steen wins face-off versus Manny Malhotra in neutral zone.
14:35 of 1st period - Snap shot by James van Riemsdyk.
14:35 of 1st period - Shot Misses the Net.
14:37 of 1st period - Slapshot by Dan Girardi.
14:37 of 1st period - Stopped by Justin Peters without a rebound.
14:38 of 1st period - Mikko Koivu wins face-off versus Mike Richards in Stars zone.
14:48 of 1st period - Minor Penalty to Mike Richards for Hooking.
14:49 of 1st period - Alexander Steen wins face-off versus Alexander Wennberg in Stars zone.
14:57 of 1st period - Wrist shot by James van Riemsdyk.
14:57 of 1st period - Goal by James van Riemsdyk - MapleLeafs : 5 - Stars : 1.
14:58 of 1st period - Mikko Koivu wins face-off versus Mike Richards in neutral zone.
15:22 of 1st period - Minor Penalty to Mike Richards for Interference.
15:23 of 1st period - Alexander Steen wins face-off versus Alexander Wennberg in Stars zone.
15:27 of 1st period - Snap shot by James Neal.
15:27 of 1st period - Shot Misses the Net.
15:29 of 1st period - Slapshot by Drew Doughty.
15:29 of 1st period - Shot Misses the Net.
15:31 of 1st period - Snap shot by James Neal.
15:31 of 1st period - Shot Blocked by John Moore.
15:33 of 1st period - Snap shot by Dan Girardi.
15:33 of 1st period - Shot Misses the Net.
15:35 of 1st period - Slapshot by Dan Girardi.
15:35 of 1st period - Stopped by Justin Peters with a rebound.
15:37 of 1st period - Slapshot by Dan Girardi.
15:37 of 1st period - Stopped by Justin Peters with a rebound.
15:39 of 1st period - Slapshot by Drew Doughty.
15:39 of 1st period - Goal by Drew Doughty - MapleLeafs : 6 - Stars : 1.
15:40 of 1st period - Manny Malhotra wins face-off versus Brandon Sutter in neutral zone.
16:00 of 1st period - Slapshot by Devin Setoguchi.
16:00 of 1st period - Stopped by Dustin Tokarski without a rebound.
16:01 of 1st period - Casey Cizikas wins face-off versus Alexander Steen in MapleLeafs zone.
16:20 of 1st period - Snap shot by John Moore.
16:20 of 1st period - Deflect By Jonathan Drouin.
16:20 of 1st period - Stopped by Dustin Tokarski without a rebound.
16:21 of 1st period - Casey Cizikas wins face-off versus Alexander Steen in MapleLeafs zone.
16:56 of 1st period - Wrist shot by Alexander Wennberg.
16:56 of 1st period - Stopped by Dustin Tokarski with a rebound.
17:29 of 1st period - Minor Penalty to James Neal for Holding.
17:30 of 1st period - Manny Malhotra wins face-off versus Dominic Moore in MapleLeafs zone.
19:29 of 1st period - Penalty to James Neal is over, James Neal is back on ice.
Goals for this period are 6 for MapleLeafs vs 1 for Stars.
Shots for this period are 15 for MapleLeafs vs 10 for Stars.

2nd period


0:01 of 2nd period - Brandon Sutter wins face-off versus Manny Malhotra in neutral zone.
0:04 of 2nd period - Slapshot by Drew Doughty.
0:04 of 2nd period - Stopped by Justin Peters without a rebound.
0:05 of 2nd period - Manny Malhotra wins face-off versus Brandon Sutter in Stars zone.
0:12 of 2nd period - Lee Stempniak is hit by Alex Petrovic and loses puck.
0:19 of 2nd period - Slapshot by Drew Doughty.
0:19 of 2nd period - Shot Blocked by Alex Petrovic.
0:34 of 2nd period - Alex Petrovic beats up Brandon Sutter.
0:34 of 2nd period - Penalty to Alex Petrovic for Fighting.
0:34 of 2nd period - Penalty to Brandon Sutter for Fighting.
0:35 of 2nd period - Matt Beleskey wins face-off versus Mike Richards in Stars zone.
1:18 of 2nd period - Minor Penalty to Mike Richards for Interference.
1:19 of 2nd period - Alexander Steen wins face-off versus Alexander Wennberg in Stars zone.
1:30 of 2nd period - Wrist shot by Matt Tennyson.
1:30 of 2nd period - Stopped by Dustin Tokarski without a rebound.
1:31 of 2nd period - Alexander Wennberg wins face-off versus Alexander Steen in MapleLeafs zone.
2:18 of 2nd period - Backhand shot by Mikko Koivu.
2:18 of 2nd period - Shot Blocked by Matt Tennyson.
2:22 of 2nd period - Wrist shot by Justin Williams.
2:22 of 2nd period - Goal by Justin Williams - MapleLeafs : 7 - Stars : 1.
2:23 of 2nd period - Manny Malhotra wins face-off versus Matt Beleskey in neutral zone.
2:31 of 2nd period - Manny Malhotra is hit by Matt Beleskey and loses puck.
3:20 of 2nd period - Slapshot by Drew Doughty.
3:20 of 2nd period - Stopped by Justin Peters with a rebound.
3:22 of 2nd period - Slapshot by Drew Doughty.
3:22 of 2nd period - Stopped by Justin Peters without a rebound.
3:23 of 2nd period - Erik Haula wins face-off versus Brandon Prust in Stars zone.
3:28 of 2nd period - Slapshot by Matt Tennyson.
3:28 of 2nd period - Shot Blocked by Dan Girardi.
3:56 of 2nd period - Minor Penalty to Ryan Wilson for Interference.
3:57 of 2nd period - Alexander Wennberg wins face-off versus Alexander Steen in Stars zone.
4:09 of 2nd period - Off-side.
4:10 of 2nd period - Alexander Wennberg wins face-off versus Alexander Steen in neutral zone.
4:25 of 2nd period - Slapshot by Alexander Steen.
4:25 of 2nd period - Goal by Alexander Steen - MapleLeafs : 8 - Stars : 1.
4:26 of 2nd period - Alexander Steen wins face-off versus Mike Richards in neutral zone.
4:31 of 2nd period - Wrist shot by James Neal.
4:31 of 2nd period - Stopped by Justin Peters with a rebound.
6:16 of 2nd period - Snap shot by Lee Stempniak.
6:16 of 2nd period - Shot Misses the Net.
6:52 of 2nd period - Wrist shot by Tomas Jurco.
6:52 of 2nd period - Stopped by Justin Peters without a rebound.
6:53 of 2nd period - Mike Richards wins face-off versus Brandon Prust in Stars zone.
8:18 of 2nd period - Marc-Edouard Vlasic is hit by Casey Cizikas and loses puck.
9:46 of 2nd period - Snap shot by Tomas Jurco.
9:46 of 2nd period - Shot Misses the Net.
9:48 of 2nd period - Snap shot by Carl Gunnarsson.
9:48 of 2nd period - Stopped by Justin Peters with a rebound.
9:50 of 2nd period - Slapshot by Carl Gunnarsson.
9:50 of 2nd period - Shot Misses the Net.
9:52 of 2nd period - Slapshot by Brandon Prust.
9:52 of 2nd period - Stopped by Justin Peters without a rebound.
9:53 of 2nd period - Casey Cizikas wins face-off versus Brandon Prust in Stars zone.
9:53 of 2nd period - Casey Cizikas is hit by Tomas Jurco.
10:06 of 2nd period - Snap shot by Jonathan Drouin.
10:06 of 2nd period - Deflect By Erik Haula.
10:06 of 2nd period - Shot Misses the Net.
10:06 of 2nd period - Puck is out of play.
10:07 of 2nd period - Mikko Koivu wins face-off versus Casey Cizikas in MapleLeafs zone.
10:21 of 2nd period - Alex Petrovic is hit by Karl Alzner and loses puck.
10:55 of 2nd period - James van Riemsdyk is hit by Devin Setoguchi.
11:52 of 2nd period - Snap shot by Lee Stempniak.
11:52 of 2nd period - Shot Misses the Net.
12:32 of 2nd period - Drew Doughty is hit by Casey Cizikas and loses puck.
12:48 of 2nd period - Off-side.
12:49 of 2nd period - Mikko Koivu wins face-off versus Alexander Wennberg in neutral zone.
12:55 of 2nd period - Wrist shot by Karl Alzner.
12:55 of 2nd period - Shot Blocked by Ryan Wilson.
13:51 of 2nd period - Snap shot by James van Riemsdyk.
13:51 of 2nd period - Stopped by Justin Peters with a rebound.
13:53 of 2nd period - Slapshot by Dan Girardi.
13:53 of 2nd period - Shot Misses the Net.
14:43 of 2nd period - Icing by Tomas Jurco.
14:44 of 2nd period - Casey Cizikas wins face-off versus Brandon Prust in MapleLeafs zone.
15:15 of 2nd period - Snap shot by Erik Haula.
15:15 of 2nd period - Stopped by Dustin Tokarski with a rebound.
15:17 of 2nd period - Slapshot by Alex Petrovic.
15:17 of 2nd period - Shot Blocked by Tomas Jurco.
15:17 of 2nd period - Tomas Jurco from MapleLeafs is injured at 15:17 of 2nd period (Fractured Metatarsal (Right Foot)).
15:18 of 2nd period - Alexander Steen wins face-off versus Mike Richards in MapleLeafs zone.
16:16 of 2nd period - Wrist shot by Manny Malhotra.
16:16 of 2nd period - Shot Blocked by Drew Doughty.
16:33 of 2nd period - Mikko Koivu is hit by Ryan Wilson and loses puck.
18:35 of 2nd period - Minor Penalty to Mike Richards for Boarding.
18:36 of 2nd period - Alexander Steen wins face-off versus Daniel Paille in Stars zone.
19:17 of 2nd period - John Moore is hit by Drew Doughty and loses puck.
19:48 of 2nd period - Jamie Oleksiak is hit by Alexander Steen and loses puck.
Goals for this period are 2 for MapleLeafs vs 0 for Stars.
Shots for this period are 10 for MapleLeafs vs 2 for Stars.

3rd period


0:01 of 3rd period - Alexander Steen wins face-off versus Alexander Wennberg in neutral zone.
0:03 of 3rd period - Off-side.
0:04 of 3rd period - Alexander Wennberg wins face-off versus James van Riemsdyk in neutral zone.
0:07 of 3rd period - Slapshot by John Moore.
0:07 of 3rd period - Stopped by Dustin Tokarski without a rebound.
0:08 of 3rd period - Alexander Steen wins face-off versus Alexander Wennberg in MapleLeafs zone.
0:17 of 3rd period - Dan Girardi is hit by John Moore and loses puck.
0:35 of 3rd period - Penalty to Mike Richards is over, Mike Richards is back on ice.
0:44 of 3rd period - Alexander Wennberg is hit by James Neal and loses puck.
1:19 of 3rd period - Off-side.
1:20 of 3rd period - Lee Stempniak wins face-off versus Cory Conacher in neutral zone.
1:22 of 3rd period - Minor Penalty to Dominic Moore for Hooking.
1:23 of 3rd period - Matt Beleskey wins face-off versus Mike Richards in MapleLeafs zone.
2:10 of 3rd period - Alexander Steen is hit by John Moore and loses puck.
2:17 of 3rd period - Wrist shot by Manny Malhotra.
2:17 of 3rd period - Goal by Manny Malhotra - MapleLeafs : 8 - Stars : 2.
2:18 of 3rd period - Brandon Sutter wins face-off versus Manny Malhotra in neutral zone.
2:29 of 3rd period - Backhand shot by Brandon Sutter.
2:29 of 3rd period - Shot Misses the Net.
2:48 of 3rd period - Icing by Dan Girardi.
2:49 of 3rd period - Dominic Moore wins face-off versus Mike Richards in MapleLeafs zone.
3:30 of 3rd period - Minor Penalty to Drew Doughty for Hooking.
3:31 of 3rd period - Dominic Moore wins face-off versus Manny Malhotra in MapleLeafs zone.
3:31 of 3rd period - Dominic Moore is hit by Devin Setoguchi.
3:41 of 3rd period - Snap shot by Alexander Steen.
3:41 of 3rd period - Shot Blocked by Matt Tennyson.
3:47 of 3rd period - Snap shot by Devin Setoguchi.
3:47 of 3rd period - Stopped by Dustin Tokarski with a rebound.
4:19 of 3rd period - Snap shot by Mike Richards.
4:19 of 3rd period - Goal by Mike Richards - MapleLeafs : 8 - Stars : 3.
4:20 of 3rd period - Mikko Koivu wins face-off versus Bo Horvat in neutral zone.
4:41 of 3rd period - Slapshot by John Moore.
4:41 of 3rd period - Goal by John Moore - MapleLeafs : 8 - Stars : 4.
4:42 of 3rd period - Manny Malhotra wins face-off versus James van Riemsdyk in neutral zone.
4:54 of 3rd period - Minor Penalty to James van Riemsdyk for Holding.
4:55 of 3rd period - Mike Richards wins face-off versus Dominic Moore in MapleLeafs zone.
5:07 of 3rd period - Slapshot by Alexander Wennberg.
5:07 of 3rd period - Stopped by Dustin Tokarski without a rebound.
5:08 of 3rd period - Dominic Moore wins face-off versus Alexander Wennberg in MapleLeafs zone.
6:26 of 3rd period - Karl Alzner is hit by Daniel Paille.
6:32 of 3rd period - Snap shot by Brandon Prust.
6:32 of 3rd period - Stopped by Justin Peters without a rebound.
6:33 of 3rd period - Dominic Moore wins face-off versus Mike Richards in Stars zone.
6:54 of 3rd period - Penalty to James van Riemsdyk is over, James van Riemsdyk is back on ice.
7:10 of 3rd period - Minor Penalty to Matt Tennyson for Diving.
7:11 of 3rd period - Alexander Wennberg wins face-off versus Alexander Steen in Stars zone.
8:05 of 3rd period - Manny Malhotra is hit by James Neal and loses puck.
8:16 of 3rd period - Wrist shot by Alexander Steen.
8:16 of 3rd period - Shot Blocked by Alex Petrovic.
8:18 of 3rd period - Slapshot by Drew Doughty.
8:18 of 3rd period - Stopped by Justin Peters without a rebound.
8:19 of 3rd period - Manny Malhotra wins face-off versus Alexander Steen in Stars zone.
8:38 of 3rd period - Slapshot by Drew Doughty.
8:38 of 3rd period - Shot Blocked by John Moore.
8:40 of 3rd period - Slapshot by Dan Girardi.
8:40 of 3rd period - Shot Blocked by Jamie Oleksiak.
9:10 of 3rd period - Penalty to Matt Tennyson is over, Matt Tennyson is back on ice.
9:39 of 3rd period - Backhand shot by Manny Malhotra.
9:39 of 3rd period - Shot Misses the Net.
9:41 of 3rd period - Wrist shot by Manny Malhotra.
9:41 of 3rd period - Stopped by Dustin Tokarski without a rebound.
9:42 of 3rd period - Manny Malhotra wins face-off versus Matt Beleskey in MapleLeafs zone.
9:47 of 3rd period - Snap shot by Daniel Paille.
9:47 of 3rd period - Stopped by Dustin Tokarski with a rebound.
9:49 of 3rd period - Wrist shot by Manny Malhotra.
9:49 of 3rd period - Shot Misses the Net.
9:51 of 3rd period - Slapshot by Daniel Paille.
9:51 of 3rd period - Shot Misses the Net.
9:57 of 3rd period - Snap shot by Daniel Paille.
9:57 of 3rd period - Shot Misses the Net.
10:07 of 3rd period - Justin Williams is hit by Casey Cizikas and loses puck.
10:20 of 3rd period - Slapshot by Jonathan Drouin.
10:20 of 3rd period - Stopped by Dustin Tokarski without a rebound.
10:21 of 3rd period - Casey Cizikas wins face-off versus Brandon Prust in MapleLeafs zone.
10:27 of 3rd period - Minor Penalty to Marc-Edouard Vlasic for Hooking.
10:28 of 3rd period - Manny Malhotra wins face-off versus Dominic Moore in MapleLeafs zone.
11:44 of 3rd period - Carl Gunnarsson is hit by Alex Petrovic and loses puck.
12:03 of 3rd period - Snap shot by Devin Setoguchi.
12:03 of 3rd period - Shot Misses the Net.
12:05 of 3rd period - Slapshot by Matt Tennyson.
12:05 of 3rd period - Shot Misses the Net.
12:07 of 3rd period - Wrist shot by Matt Tennyson.
12:07 of 3rd period - Shot Blocked by Brandon Prust.
12:27 of 3rd period - Penalty to Marc-Edouard Vlasic is over, Marc-Edouard Vlasic is back on ice.
12:46 of 3rd period - Snap shot by Drew Doughty.
12:46 of 3rd period - Shot Misses the Net.
12:48 of 3rd period - Snap shot by Marc-Edouard Vlasic.
12:48 of 3rd period - Stopped by Justin Peters without a rebound.
12:49 of 3rd period - Mikko Koivu wins face-off versus Mike Richards in Stars zone.
12:52 of 3rd period - Backhand shot by Matt Beleskey.
12:52 of 3rd period - Shot Misses the Net.
13:03 of 3rd period - Minor Penalty to Ryan Wilson for Hooking.
13:04 of 3rd period - Alexander Wennberg wins face-off versus Alexander Steen in Stars zone.
15:03 of 3rd period - Penalty to Ryan Wilson is over, Ryan Wilson is back on ice.
15:06 of 3rd period - Snap shot by Jonathan Drouin.
15:06 of 3rd period - Shot Misses the Net.
15:54 of 3rd period - Wrist shot by Casey Cizikas.
15:54 of 3rd period - Stopped by Dustin Tokarski with a rebound.
15:56 of 3rd period - Snap shot by Erik Haula.
15:56 of 3rd period - Stopped by Dustin Tokarski without a rebound.
15:57 of 3rd period - Mikko Koivu wins face-off versus Casey Cizikas in MapleLeafs zone.
16:03 of 3rd period - Minor Penalty to Jamie Oleksiak for Hooking.
16:04 of 3rd period - Mikko Koivu wins face-off versus Alexander Wennberg in Stars zone.
16:19 of 3rd period - Wrist shot by Justin Williams.
16:19 of 3rd period - Stopped by Justin Peters with a rebound.
16:21 of 3rd period - Wrist shot by Justin Williams.
16:21 of 3rd period - Stopped by Justin Peters with a rebound.
16:27 of 3rd period - Slapshot by Mikko Koivu.
16:27 of 3rd period - Shot Misses the Net.
17:31 of 3rd period - Snap shot by Jonathan Drouin.
17:31 of 3rd period - Stopped by Dustin Tokarski with a rebound.
17:56 of 3rd period - Snap shot by James Neal.
17:56 of 3rd period - Stopped by Justin Peters with a rebound.
17:58 of 3rd period - Snap shot by Drew Doughty.
17:58 of 3rd period - Stopped by Justin Peters with a rebound.
18:03 of 3rd period - Penalty to Jamie Oleksiak is over, Jamie Oleksiak is back on ice.
18:13 of 3rd period - Jamie Oleksiak is hit by Dan Girardi and loses puck.
18:58 of 3rd period - Zack Smith is hit by Cory Conacher and loses puck.
19:05 of 3rd period - Slapshot by Gabriel Bourque.
19:05 of 3rd period - Stopped by Dustin Tokarski with a rebound.
19:07 of 3rd period - Slapshot by Matt Tennyson.
19:07 of 3rd period - Deflect By Carl Gunnarsson.
19:07 of 3rd period - Stopped by Dustin Tokarski with a rebound.
19:21 of 3rd period - Jonathan Drouin is hit by Zack Smith and loses puck.
19:36 of 3rd period - Snap shot by Mikko Koivu.
19:36 of 3rd period - Stopped by Justin Peters without a rebound.
19:37 of 3rd period - Mikko Koivu wins face-off versus Devin Setoguchi in Stars zone.
19:54 of 3rd period - Wrist shot by Manny Malhotra.
19:54 of 3rd period - Goal by Manny Malhotra - MapleLeafs : 8 - Stars : 5.
19:55 of 3rd period - Brandon Sutter wins face-off versus Jonathan Drouin in neutral zone.
Goals for this period are 0 for MapleLeafs vs 4 for Stars.
Shots for this period are 8 for MapleLeafs vs 15 for Stars.